 Dungeon Crawl Stone Soup version 0.30.2 (webtiles) character file.

Game seed: 230774561053319265

19 porpoise the Vexing (level 2, -3/19 HPs)
             Began as a Demonspawn Enchanter on Mar 3, 2024.
             Slain by Natasha (5 damage)
             ... on level 2 of the Dungeon.
             The game lasted 00:02:12 (876 turns).

porpoise the Vexing (Demonspawn Enchanter)           Turns: 876, Time: 00:02:13

Health: -3/19      AC:  6    Str:  8    XL:     2   Next: 55%
Magic:  1/5        EV: 12    Int: 16    God:
Gold:   47         SH:  0    Dex: 13    Spells: 3/5 levels left

rFire   . . .        a - +1 dagger
rCold   . . .        (no shield)
rNeg    . . .        b - +0 robe
rPois   .            (no helmet)
rElec   .            (no cloak)
rCorr   .            (no gloves)
SInv    +            (no boots)
Will    .....        (no amulet)
Stlth   ++           i - +4 ring of protection
HPRegen 0.23/turn    f - ring of see invisible
MPRegen 0.09/turn

%: no passive effects
@: very slightly contaminated
A: foul stench 1
a: no special abilities


You were on level 2 of the Dungeon.
You visited 1 branch of the dungeon, and saw 2 of its levels.

You collected 47 gold pieces.

Inventory:

Hand Weapons
 a - a +1 dagger (weapon)
Missiles
 d - 5 poisoned darts (quivered)
Armour
 b - a +0 robe (worn)
Jewellery
 f - a ring of see invisible (right hand)
 i - a +4 ring of protection (left hand)
Scrolls
 e - a scroll of teleportation {unknown}
 g - a scroll of enchant weapon {unknown}
 h - a scroll of blinking {unknown}
Potions
 c - 2 potions of invisibility


   Skills:
 + Level 1.2 Short Blades
 + Level 2.0 Dodging
 + Level 2.9 Stealth
 + Level 2.2 Spellcasting
 + Level 3.2 Hexes


You had 3 spell levels left.
You knew the following spells:

 Your Spells              Type           Power      Damage    Failure   Level
e - Ensorcelled Hibernat  Hex/Ice        12%        N/A       16%         2

Your spell library contained the following spells:

 Spells                   Type           Power      Damage    Failure   Level
 Confusing Touch          Hex            12%        N/A       16%         3
 Tukima's Dance           Hex            12%        N/A       16%         3
 Dazzling Flash           Conj/Hex       12%        N/A       32%         3


Dungeon Overview and Level Annotations

Branches:
Dungeon (2/15)

Altars:

Shops:
D:1 [

Annotations:
D:2 Natasha


Innate Abilities, Weirdness & Mutations

You may rarely emit foul miasma when damaged in melee.


Message History

Confirm with . or Enter, or press ? or * to list all spells.
Aiming: Ensorcelled Hibernation (safe; 16% risk of failure)
Press: ? - help, Shift-Dir - straight line, f - Natasha
Aim: Natasha (chance to affect: 39%) Natasha resists with some effort.
Natasha barely misses you. The endoplasm barely misses you.
Casting: Ensorcelled Hibernation (safe; 16% risk of failure)
Confirm with . or Enter, or press ? or * to list all spells.
Aiming: Ensorcelled Hibernation (safe; 16% risk of failure)
Press: ? - help, Shift-Dir - straight line, f/p - Natasha
Aim: Natasha (chance to affect: 39%)
You miscast Ensorcelled Hibernation.
You are very lightly contaminated with residual magic.
Nothing appears to happen.
Natasha stares at you and mumbles some strange words.
The magic dart hits you.
* * * LOW HITPOINT WARNING * * *
The endoplasm closely misses you.
You hit Natasha.
Natasha is lightly wounded.
Natasha barely misses you. The endoplasm closely misses you.
You barely miss Natasha.
Natasha is lightly wounded.
Natasha claws you but does no damage. The endoplasm closely misses you.
You closely miss Natasha.
Natasha is lightly wounded.
Natasha claws you but does no damage. The endoplasm freezes you.
You are frozen.
* * * LOW HITPOINT WARNING * * *
You closely miss Natasha.
Natasha is lightly wounded.
Natasha closely misses you. The endoplasm freezes you.
You are frozen.
* * * LOW HITPOINT WARNING * * *
You closely miss Natasha.
Natasha is lightly wounded.
Natasha claws you.
You die...

#...........<.#......
##.####....#.#.#......
........#..#.#.#......
########.#.###........
#..............
#.#.#.####..#
#.#.#.......# #
#.#.#....#.##.#####
#.#.#.##.#.@h....>#
#.#.#.##.#..J......
#.#.#.##.#.........
#.#.#.##.#.........
..##.#......... .<
..#........#
.......(.[.#
.##........#


You could see Natasha and an endoplasm.

Vanquished Creatures
  An endoplasm (D:1)
  4 goblins (D:1)
  4 hobgoblins (D:1)
  A quokka (D:2)
  2 ball pythons (D:1)
  3 bats
  A frilled lizard (D:1)
  2 kobolds (D:1)
18 creatures vanquished.

Notes
Turn   | Place    | Note
-------+----------+-------------------------------------------
     0 | D:1      | porpoise the Demonspawn Enchanter began the quest for the
                  | Orb.
     0 | D:1      | Reached XP level 1. HP: 13/13 MP: 3/3
    27 | D:1      | Found Bybor's Armour Shop.
    89 | D:1      | Reached skill level 1 in Short Blades
   232 | D:1      | Gained mutation: You may rarely emit foul miasma when
                  | damaged in melee. [demonic ancestry]
   232 | D:1      | Reached XP level 2. HP: 13/19 MP: 5/5
   266 | D:1      | Learned a level 2 spell: Ensorcelled Hibernation
   867 | D:2      | Noticed Natasha
   876 | D:2      | Slain by Natasha

Illustrated notes

Levels and vault maps discovered:
D:1:      onia_arrival_pyramid, layout_basic, serial_shops, shop
D:2:      layout_basic, uniq_jessica, uniq_natasha

Skill      XL: |  1  2 |
---------------+-------+-----
Short Blades   | 1 |  1.2
Dodging        | 2 |  2.0
Stealth        | |  2.9
Spellcasting   | |  2.2
Hexes          | |  3.2

Action                     || total
---------------------------++-------
  Melee: Dagger            ||    66
  Throw: Dart              ||     1
   Cast: Ensorcelled Hiber ||     1
   Stab: Sleeping          ||     4
 Armour: Robe              ||    15
  Dodge: Dodged            ||    38
